Map: Scythe of Amon

Players

zpr

  • Race: Terran Terran
  • Spawn Location: 5:00

ZPR

  • Race: Zerg Zerg
  • Spawn Location: 5:00

VOD

Have the link to the VOD?

Description

Time

  • Played on: Jan. 27, 2018, 3:21 a.m.
  • Length: 18:06
Show
View Real Time Build Order
Export as new Build Order

zpr Terran 

Build Orders:  

Get SALT Encoding   

Show
View Real Time Build Order
Export as new Build Order

ZPR Zerg 

Build Orders:  

Get SALT Encoding   

  12  0:03  Drone  
  13  0:11  Drone  
  14  0:21  Drone, Extractor  
  15  0:32  Overlord  
  15  1:05  Hatchery  
  15  1:09  Drone  
  15  1:14  Drone  
  16  1:21  Drone  
  16  1:25  Drone  
  18  1:31  Drone  
  19  1:46  Drone, Extractor x2  
  18  1:50  Evolution Chamber  
  17  2:01  Drone  
  17  2:05  Drone  
  19  2:16  Drone  
  20  2:22  Drone  
  21  2:31  Drone  
  21  2:32  Heroic Fortitude  
  21  2:35  Drone  
  23  2:48  Drone  
  24  2:51  Drone  
  24  2:55  Spawning Pool  
  24  2:59  Zerg Melee Weapons Level 1  
  24  3:03  Drone  
  24  3:08  Drone  
  26  3:17  Overlord  
  26  3:31  Lair  
  26  3:35  Drone  
  26  3:39  Drone  
  28  3:48  Zergling x2  
  29  3:52  Zergling x2  
  29  3:56  Zergling x2  
  31  4:00  Metabolic Boost  
  31  4:03  Zerg Missile Weapons Level 1  
  31  4:08  Zergling x6  
  31  4:10  Zergling x2  
  31  4:17  Zergling x6  
  31  4:30  Zergling x3  
  31  4:33  Drone x2  
  31  4:35  Overlord  
  33  4:47  Zergling x4  
  33  4:48  Zergling x2  
  33  4:49  Hatchery, Zergling  
  32  4:50  Zergling  
  32  5:04  Nydus Network  
  32  5:07  Chain Reaction  
  31  5:12  Drone x4  
  31  5:17  Drone  
  36  5:23  Drone x2  
  38  5:51  Zerg Missile Weapons Level 2  
  38  5:53  Hardened Carapace, Hive  
  38  6:01  Omega Worm  
  38  6:07  Drone x4  
  38  6:08  Drone  
  43  6:12  Extractor  
  43  6:15  Extractor  
  41  6:24  Drone x4  
  45  6:30  Zergling x4  
  45  6:31  Zergling x2  
  45  6:32  Zergling  
  45  6:34  Zergling, Nydus Network  
  44  6:46  Zergling x4  
  44  6:51  Zergling x2  
  44  6:56  Drone, Zergling x2  
  44  6:57  Drone x5  
  50  7:03  Zergling x3  
  50  7:04  Adrenal Overload, Zergling  
  50  7:07  Hydralisk Den  
  49  7:15  Omega Worm, Zergling x4  
  49  7:16  Zergling  
  49  7:31  Zergling x2  
  49  7:35  Omega Worm  
  50  7:42  Drone x2  
  50  7:50  Overlord x2  
  50  7:54  Zergling  
  50  7:55  Zergling x5  
  50  7:58  Zergling  
  50  7:59  Zergling x5  
  49  8:01  Zergling x2  
  49  8:04  Drone  
  49  8:07  Zergling x6  
  49  8:08  Frenzy  
  49  8:09  Ability Efficiency  
  50  8:11  Overlord x3  
  62  8:33  Hydralisk x3  
  62  8:34  Queen, Hydralisk x3  
  62  8:36  Drone  
  62  8:39  Drone  
  66  8:43  Omega Worm  
  66  8:44  Drone x2  
  66  8:49  Drone x2  
  70  8:51  Drone  
  70  8:52  Zergling x2  
  70  8:55  Shredding Claws  
  70  8:56  Muscular Augments, Zergling x2  
  70  8:57  Zerg Missile Weapons Level 3  
  70  8:58  Zergling  
  75  9:11  Hydralisk x2  
  75  9:15  Omega Worm  
  81  9:24  Hydralisk x3  
  78  9:38  Ancillary Carapace  
  78  9:41  Nydus Network  
  78  9:42  Zergling x5  
  78  9:44  Zergling x2  
  78  9:46  Zergling  
  78  9:47  Zergling x3  
  78  9:49  Zergling x13  
  86  9:53  Zergling x2  
  86  9:54  Hydralisk x2  
  86  10:05  Omega Worm  
  86  10:06  Hydralisk x2  
  86  10:08  Zergling x2  
  89  10:19  Zergling  
  88  10:20  Zergling x7  
  88  10:22  Zergling x4  
  88  10:24  Zergling x3  
  88  10:25  Zergling x7  
  88  10:26  Zergling x2  
  88  10:28  Overlord  
  88  10:29  Overlord  
  90  10:30  Zerg Melee Weapons Level 2  
  90  10:31  Hydralisk  
  90  10:34  Overlord x2  
  90  10:41  Zergling  
  90  10:42  Overlord x2, Zergling x6  
  90  10:43  Zergling x2  
  90  10:44  Zergling  
  90  10:46  Zergling  
  90  10:50  Zergling  
  90  10:52  Zergling  
  90  11:00  Omega Worm  
  90  11:01  Zergling x2  
  106  11:12  Zergling x2  
  106  11:14  Hydralisk x3  
  106  11:15  Hydralisk x6, Zergling  
  106  11:16  Hydralisk  
  106  11:19  Zergling x4  
  107  11:20  Zergling x12  
  117  11:30  Zergling x4  
  117  11:31  Zergling x3  
  117  11:32  Zergling x3  
  117  11:33  Zergling x3  
  117  11:34  Omega Worm, Zergling x3  
  117  11:35  Hydralisk x2, Zergling x2  
  117  11:36  Zergling x3  
  117  11:38  Zergling x4  
  116  11:46  Zergling x2  
  120  11:50  Hydralisk x2  
  120  11:51  Hydralisk  
  120  11:52  Omega Worm  
  113  12:05  Zerg Melee Weapons Level 3  
  113  12:06  Hydralisk x4  
  113  12:09  Zergling x6  
  74  12:10  Zergling  
  116  12:11  Zergling  
  116  12:12  Zergling x2  
  116  12:14  Zergling  
  116  12:18  Zergling  
  116  12:19  Zergling x2  
  118  12:20  Zergling  
  118  12:22  Hydralisk, Zergling  
  118  12:24  Zergling  
  118  12:25  Zergling  
  118  12:26  Zergling  
  118  12:27  Hydralisk, Zergling  
  118  12:28  Hydralisk  
  122  12:31  Omega Worm  
  122  12:35  Zergling x4  
  122  12:36  Zergling x6  
  122  12:37  Zergling x4  
  122  12:39  Zergling x6  
  121  12:40  Zergling  
  121  12:43  Zergling  
  121  12:46  Hydralisk x5, Zergling  
  111  12:50  Zergling  
  111  12:52  Zergling  
  111  12:53  Zergling  
  111  12:55  Zergling  
  111  12:56  Hydralisk  
  111  12:57  Hydralisk, Zergling  
  115  13:09  Zergling  
  115  13:10  Zergling x3  
  115  13:12  Hydralisk, Zergling x3  
  115  13:13  Hydralisk x2  
  115  13:14  Zergling x2  
  115  13:15  Zergling  
  115  13:16  Zergling x8  
  115  13:17  Zergling x4  
  119  13:20  Zergling x2  
  119  13:21  Hydralisk  
  119  13:22  Zergling x4  
  119  13:23  Zergling x3  
  119  13:24  Zergling x4  
  119  13:25  Zergling  
  119  13:27  Zergling  
  119  13:28  Zergling  
  120  13:34  Zergling  
  120  13:38  Zerg Ground Armor Level 1  
  120  13:39  Zergling  
  125  13:40  Hydralisk x2  
  125  13:41  Hydralisk  
  125  13:44  Omega Worm  
  120  13:52  Zergling x12  
  120  14:03  Hydralisk  
  120  14:06  Hydralisk  
  122  14:11  Omega Worm  
  122  14:15  Zergling x12  
  122  14:17  Zergling x3  
  122  14:18  Zergling x9  
  122  14:19  Zergling x2  
  122  14:20  Zergling  
  122  14:23  Hydralisk x3, Zergling x8  
  122  14:24  Hydralisk  
  122  14:27  Omega Worm  
  126  14:34  Zergling x7  
  126  14:35  Zergling x7  
  126  14:36  Zergling x6  
  126  14:37  Zergling x2  
  126  14:38  Zergling x2  
  126  14:39  Zergling x4  
  126  14:40  Zergling x2  
  126  14:41  Zergling x11  
  126  14:42  Zergling x2  
  126  14:43  Zergling x10  
  126  14:44  Zergling x14  
  126  14:45  Zergling x6  
  126  14:46  Zergling x5  
  126  14:47  Zergling x4  
  126  14:48  Zergling  
  131  14:56  Omega Worm  
  137  15:10  Zergling x5  
  137  15:11  Zergling  
  137  15:12  Hydralisk, Zergling  
  137  15:13  Hydralisk x3, Zergling  
  137  15:14  Zergling x2  
  137  15:15  Zergling  
  137  15:16  Pneumatized Carapace, Overseer x2  
  137  15:17  Overseer x2, Zergling  
  137  15:18  Zergling  
  137  15:19  Zergling  
  137  15:22  Zergling x4  
  137  15:23  Zergling  
  137  15:24  Overlord x3  
  137  15:25  Overlord, Zergling x4  
  137  15:26  Zergling  
  137  15:27  Zergling x3  
  137  15:28  Zergling x2  
  137  15:29  Zergling x3  
  137  15:30  Zergling x2  
  137  15:31  Zergling x2  
  137  15:34  Zergling x2  
  137  15:37  Zergling  
  137  15:40  Overlord x2  
  137  15:42  Zergling x4  
  137  15:44  Hydralisk x2  
  137  15:47  Zergling  
  137  15:50  Zergling  
  137  15:57  Zergling  
  129  16:02  Zergling  
  129  16:04  Zergling  
  129  16:06  Hydralisk  
  129  16:07  Hydralisk x5  
  142  16:15  Hydralisk x4  
  134  16:29  Omega Worm  
  134  16:39  Hydralisk  
  144  16:40  Hydralisk x4  
  144  16:47  Hydralisk  
  139  17:07  Zergling x2  
  139  17:08  Zergling x7  
  139  17:09  Hydralisk x5  
  148  17:12  Omega Worm  
  148  17:19  Zergling x2  
  148  17:20  Zergling  
  148  17:22  Zergling  
  148  17:26  Zergling  
  148  17:27  Zergling  
  148  17:28  Omega Worm  
Tags
 
Add a new tag
Caveats
  • Supply blocks, unpowered buildings, or Contaminate may cause inaccurate times.
  • Supply counts are checked every 10 seconds.